 Dungeon Crawl Stone Soup version 0.17.2-1-ge4368a0 (webtiles) character file.

172 magog001 the Covert (level 5, 0/38 HPs)
             Began as a Vampire Assassin on Oct 17, 2016.
             Slain by a gnoll
             ... wielding a +0 spear
              (7 damage)
             ... on level 3 of the Dungeon.
             The game lasted 00:19:05 (2699 turns).

magog001 the Covert (Vampire Assassin)              Turns: 2699, Time: 00:19:06

Health: 0/38       AC:  4    Str: 11    XL:     5   Next: 27%
Magic:  5/5        EV: 12    Int: 13    God:
Gold:   118        SH:  0    Dex: 16    Spells: 0 memorised, 4 levels left

rFire  . . .     SeeInvis +     a - +2 dagger
rCold  . . .     Clarity  .     y - +0 robe
rNeg   + . .     SustAt   .     (no shield)
rPois  .         Gourm    .     v - +0 helmet
rElec  .         Spirit   .     d - +0 cloak
rCorr  .         Warding  .     (no gloves)
rMut   .         Stasis   .     (no boots)
MR     .....                    (no amulet)
Stlth  +++++.....               (no ring)
                                (no ring)

@: not resistant to hostile enchantments, quite stealthy
A: fangs 3, see invisible, unbreathing
a: Bat Form


You were on level 3 of the Dungeon.
You were not thirsty.

You visited 1 branch of the dungeon, and saw 4 of its levels.

You collected 118 gold pieces.

Inventory:

Hand Weapons
 a - a +2 dagger (weapon)
 b - a +2 blowgun
 x - a +0 short sword
Missiles
 f - 2 curare-tipped needles
 h - 15 arrows of flame
 t - 65 bolts
 z - 7 tomahawks of returning (quivered)
Armour
 d - a +0 cloak (worn)
 v - a +0 helmet (worn)
 y - a +0 robe (worn)
Scrolls
 c - a scroll of fear
 i - 2 scrolls of teleportation
 l - a scroll of identify
 o - 2 scrolls of recharging
 q - a scroll of amnesia
 A - a scroll of fog
 E - a scroll of magic mapping
Potions
 g - 21 potions of blood
 j - 2 potions of magic
 k - a potion of flight {unknown}
 m - a potion of agility {unknown}
 n - 2 potions of heal wounds
 p - a potion of brilliance {unknown}
 r - a potion of cancellation {unknown}
 s - a potion of might
 u - a potion of cure mutation {unknown}
 w - a potion of invisibility
 D - a potion of mutation {unknown}


   Skills:
 + Level 2.0 Fighting
 + Level 2.7 Short Blades
 * Level 2.1 Throwing
 * Level 2.0 Dodging
 * Level 8.8 Stealth


You had 4 spell levels left.
You didn't know any spells.

Dungeon Overview and Level Annotations

Branches:
Dungeon (4/15)
 Temple: D:4-7

Altars:


Innate Abilities, Weirdness & Mutations

You have razor-sharp teeth.
You have supernaturally acute eyesight.
You can survive without breathing.


Message History

You bottle the corpse's blood.
Things that are here:
a whip; a potion of blood The gnoll hits you from afar with a spear.
The gnoll barely misses you.
You barely miss the gnoll. You bite the gnoll.
The gnoll is severely wounded.
The gnoll closely misses you.
You hit the gnoll.
The gnoll is almost dead.
The gnoll hits you with a spear!
* * * LOW HITPOINT WARNING * * *
You hit the gnoll but do no damage.
The gnoll is almost dead.
The gnoll hits you with a spear.
* * * LOW HITPOINT WARNING * * *
You barely miss the gnoll.
The gnoll is almost dead.
The gnoll hits you with a spear!
You die...

#.#.......###. #.#.#.....###.
#.#.#.#....#.. #....###...รท#.
######### ###.## ##..###
#.......# #.## ##..#. #.#####.#
##.## ##.....
#.#####.#############.###..#.##
#.##.......#.g@....###.#.#.....
#.##)##.##.#.#####.# ##.####...
#.##.##.##.#.#####.###### #...
#.......##..g.#......# ##..
####.#####..#.#.##.#.## #..
#####.######...#.......# #..
#g.....#.......#.##.#..# #..
#g###.##.......#.##....#######..
#># ####.....).#...###..........


You could see a gnoll.

Vanquished Creatures
  Jessica (D:2)
  5 adders
  2 gnolls (D:3)
  An ooze (D:2)
  2 worms (D:2)
  3 giant geckos
  An orc (D:3)
  3 giant cockroaches
  12 hobgoblins
  3 jackals (D:3)
  7 kobolds
  3 quokkas
  3 bats
  5 giant newts
  9 goblins
  9 rats
69 creatures vanquished.

Notes
Turn   | Place    | Note
--------------------------------------------------------------
     0 | D:1      | magog001 the Vampire Assassin began the quest for the Orb.
     0 | D:1      | Reached XP level 1. HP: 16/16 MP: 1/1
    83 | D:1      | Reached skill level 6 in Stealth
   248 | D:1      | Reached XP level 2. HP: 22/22 MP: 2/2
   811 | D:2      | Reached XP level 3. HP: 27/27 MP: 3/3
   848 | D:2      | Reached skill level 7 in Stealth
  1408 | D:2      | Reached XP level 4. HP: 33/33 MP: 4/4
  1616 | D:2      | Noticed Jessica
  1628 | D:2      | Killed Jessica
  1628 | D:2      | Reached skill level 8 in Stealth
  2015 | D:3      | Reached XP level 5. HP: 38/38 MP: 5/5
  2699 | D:3      | Slain by a gnoll

Action                   |  1- 3 |  4- 6 || total
-------------------------+-------+-------++-------
Melee: Dagger            |    87 |    98 ||   185
 Fire: Blowgun           |     8 |    12 ||    20
  Use: Potion            |     1 |     8 ||     9
       Scroll            |       |    15 ||    15
 Stab: Sleeping          |    15 |    16 ||    31
       Distracted        |       |     1 ||     1
